 Dungeon Crawl Stone Soup version 0.22-a0-377-g846bec1 (webtiles) character file.

432 Alphaeus the Chopper (level 6, -41/79 HPs)
             Began as a Minotaur Chaos Knight on Apr 28, 2018.
             Annihilated by a very large slime creature (52 damage)
             ... on level 5 of the Dungeon.
             The game lasted 00:03:32 (3493 turns).

Alphaeus the Chopper (Minotaur Chaos Knight)        Turns: 3493, Time: 00:03:33

Health: -41/79     AC: 27    Str: 17    XL:     6   Next: 67%
Magic:  5/5        EV:  2    Int:  9    God:    Xom [..*...]
Gold:   183        SH:  0    Dex: 11    Spells: 5/5 levels left

rFire    x . .     SeeInvis .   a - +0 hand axe (chaos)
rCold    + . .     Gourm    .   (no shield)
rNeg     + + +     Faith    .   (armour currently unavailable)
rPois    +         Spirit   .   (helmet currently unavailable)
rElec    .         Reflect  .   (cloak currently unavailable)
rCorr    .         Harm     .   (gloves currently unavailable)
MR       +....     Clarity  +   (boots currently unavailable) Stlth +.........NoTele +
                                (no amulet)
HPRegen  0.23/turn              l - +4 ring of protection
MPRegen  0.09/turn              t - ring of ice

@: tree-form
A: (retaliatory headbutt), clarity, magic resistance 1, MP-powered wands
a: Renounce Religion


You were on level 5 of the Dungeon.
You worshipped Xom.
You were a toy of Xom.
You were not hungry.
You were a tree.
You visited 1 branch of the dungeon, and saw 5 of its levels.

You collected 183 gold pieces.

Inventory:

Hand Weapons
 a - a +0 hand axe of chaos (weapon)
 k - the +5 dagger "Rycw" {protect, *Noise rElec rPois Str+3, unknown}
   (You found it on level 4 of the Dungeon)

   It protects the one who uses it against injury (+AC on strike).
   It affects your strength (+3).
   It insulates you from electricity.
   It protects you from poison.
   It may make noises in combat.
Armour
 b - a +2 leather armour
 d - a +0 buckler
 g - a cursed +0 chain mail (melded)
 B - the +1 pair of gloves of the Marlin (melded) {+Fly Int+9}
   (You found it on level 5 of the Dungeon)

   It affects your intelligence (+9).
   It lets you fly.
Jewellery
 l - a +4 ring of protection (left branch)
 t - a ring of ice (right branch)
Scrolls
 e - 3 scrolls of teleportation {unknown}
 h - 2 scrolls of enchant armour {unknown}
 i - 5 scrolls of identify {unknown}
 j - 3 scrolls of amnesia {unknown}
 m - 4 scrolls of blinking {unknown}
 p - a scroll of random uselessness {unknown}
 r - 4 scrolls of remove curse {unknown}
 v - a scroll of immolation {unknown}
 y - a scroll of magic mapping {unknown}
Potions
 n - 2 potions of curing
 q - a potion of cancellation {unknown}
 s - a potion of mutation {unknown}
 u - a potion of brilliance {unknown}
 w - a potion of haste {unknown}
 x - a potion of agility {unknown}
 A - a potion of magic {unknown}
Comestibles
 c - 15 rations
 z - 3 chunks of flesh


   Skills:
 + Level 4.7 Fighting
 * Level 5.8 Axes
 + Level 3.9 Armour
 + Level 2.9 Dodging
 * Level 4.1 Shields


You had 5 spell levels left.
You didn't know any spells.

Dungeon Overview and Level Annotations

Branches:
Dungeon (5/15)             Temple (0/1) D:4

Altars:
Ashenzari
Sif Muna
Zin


Innate Abilities, Weirdness & Mutations

((You reflexively headbutt those who attack you in melee.))
((You have a pair of horns on your head.))
You possess an exceptional clarity of mind.
((Your flesh is cold resistant. (rC+)))
((Your flesh is heat resistant. (rF+)))
You are resistant to hostile enchantments. (MR+)
You expend magic power (3 MP) to strengthen your wands.


Message History

You hit the very large slime creature.
The very large slime creature is heavily wounded.
The very large slime creature hits you!!
You hit the very large slime creature.
The very large slime creature is heavily wounded.
The very large slime creature hits you but does no damage.
You hit the very large slime creature.
The very large slime creature seems to speed up.
The very large slime creature is heavily wounded.
The very large slime creature hits you!!
* * * LOW HITPOINT WARNING * * *
Okay, then.
You slash the very large slime creature!
You freeze the very large slime creature.
The very large slime creature is heavily wounded.
The very large slime creature completely misses you.
The very large slime creature hits you!!!
Ouch! That really hurt!
You die...
Xom laughs nastily!

### #######J##.....)#
#####....#J#.#.JPPPP#
#######.##)....#J#.#..÷...#
........'.)....#♣#J#.÷..P.#
.#####..'.)......#.#JJ....#
.# ##.'........#J#PJ÷...#
.# #.##.......#J#.....÷# .#
#####......##Jc.P.PP# .#
##########.....÷# )#
####### .####### ∆ .......#
∆


You could see a very large slime creature, a jelly and an ooze.

Vanquished Creatures
  A centaur (D:5)
  A big kobold (D:5)
  A crimson imp (D:5)
  A jelly (D:5)
  A bullfrog skeleton (D:5)
  2 worker ants
  A hound skeleton (D:4)
  4 adders
  3 oozes
  2 adder skeletons (D:4)
  2 worms
  2 dart slugs (D:2)
  An orc (D:5)
  2 giant cockroaches
  7 goblins
  5 hobgoblins
  3 jackals (D:1)
  12 kobolds
  A quokka (D:2)
  2 ball pythons
  10 bats
  4 frilled lizards
  5 rats
73 creatures vanquished.

Vanquished Creatures (others)
  2 fungi (D:5)
  7 toadstools (D:5)
9 creatures vanquished.

Grand Total: 82 creatures vanquished

Notes
Turn   | Place    | Note
-------+----------+-------------------------------------------
     0 | D:1      | Alphaeus the Minotaur Chaos Knight began the quest for the Orb.
     0 | D:1      | Reached XP level 1. HP: 19/19 MP: 0/0
   211 | D:1      | XOM: divination: detect creatures
   211 | D:1      | Reached XP level 2. HP: 27/27 MP: 1/1
   258 | D:1      | Reached skill level 1 in Shields
   360 | D:1      | XOM: harmless Fire miscast
   433 | D:1      | Reached skill level 4 in Axes
   871 | D:2      | Reached XP level 3. HP: 33/33 MP: 2/2
  1314 | D:2      | XOM: cloud trail
  1396 | D:2      | Reached XP level 4. HP: 37/40 MP: 3/3
  1587 | D:3      | XOM: divination: detect items
  1597 | D:3      | XOM: potion effect (brilliance)
  1774 | D:3      | XOM: harmless Ice miscast
  1790 | D:3      | XOM: give mutations
  1790 | D:3      | Gained mutation: You are resistant to hostile enchantments. (MR+) [Xom's grace]
  1790 | D:3      | Gained mutation: You expend magic power (3 MP) to strengthen your wands. [Xom's grace]
  1790 | D:3      | Gained mutation: Your flesh is heat resistant. (rF+) [Xom's grace]
  1790 | D:3      | Gained mutation: Your flesh is cold resistant. (rC+) [Xom's grace]
  1920 | D:3      | XOM: give mutation
  1920 | D:3      | Gained mutation: You possess an exceptional clarity of mind. [Xom's grace]
  2013 | D:3      | Found a glowing silver altar of Zin.
  2017 | D:3      | Found a shattered altar of Ashenzari.
  2019 | D:3      | Found a deep blue altar of Sif Muna.
  2049 | D:3      | XOM: 1-stop teleportation journey
  2469 | D:4      | XOM: scenery: 1 doors open, 1 doors close
  2570 | D:4      | Got an encrusted dagger
  2627 | D:4      | Reached XP level 5. HP: 44/46 MP: 4/4
  2830 | D:4      | Found a staircase to the Ecumenical Temple.
  3121 | D:5      | Entered Level 5 of the Dungeon
  3154 | D:5      | XOM: divination: detect items
  3185 | D:5      | Reached skill level 5 in Axes
  3298 | D:5      | XOM: god gift: 6 rations
  3306 | D:5      | Noticed a centaur
  3310 | D:5      | XOM: cleaving
  3319 | D:5      | Killed a centaur
  3319 | D:5      | Reached XP level 6. HP: 44/53 MP: 5/5
  3403 | D:5      | Got a pair of polished gloves
  3409 | D:5      | Identified the +1 pair of gloves of the Marlin {+Fly Int+9} (You found it on level 5 of the Dungeon)
  3445 | D:5      | Noticed a slime creature
  3445 | D:5      | Noticed a slime creature
  3445 | D:5      | Noticed a slime creature
  3473 | D:5      | XOM: noise
  3493 | D:5      | Annihilated by a very large slime creature

Vault maps used:
D:1:      eino_arrival_druids_welcome
D:3:      minitemple
D:4:      minmay_temple_entry_nine_rooms, first_ration
D:5:      cheibrodos_fertilizer, lemuel_round_altar,
          eino_small_chamber_without_monster, uniq_duvessa

Skill      XL: |  1  2  3  4  5  6 |
---------------+-------------------+-----
Shields        | 1 2 3 4 |  4.1
Axes           | 4 5 |  5.8
Armour         | 3 |  3.9
Fighting       | 4 |  4.7
Dodging        | 2 |  2.9

Action                   |  1- 3 |  4- 6 || total
-------------------------+-------+-------++-------
Melee: Hand axe          |   103 |   126 ||   229
       Headbutt          |    11 |    24 ||    35
  Use: Potion            |       |     5 ||     5
 Stab: Paralysed         |     2 |     1 ||     3
  Eat: Chunk             |     2 |     6 ||     8
Armor: Leather armour    |    14 |       ||    14
       Chain mail        |    61 |    76 ||   137
       Skin              |       |     5 ||     5
Dodge: Dodged            |    36 |    41 ||    77

Table legend:
 A = Spawn XP
 B = Non-spawn XP
 C = Spawn XP percentage of total XP
 D = Spawn monster count
 E = Non-spawn monster count
 F = Spawn count percentage of total count
 G = Total turns spent on level
                    A         B        C        D         E        F      G
               +---------+---------+-------+---------+---------+-------+---------
         Total |       0 |     618 |   0.0 |       0 |      73 |   0.0 |  3493
               +---------+---------+-------+---------+---------+-------+---------
           D:1 |       0 |      36 |   0.0 |       0 |      21 |   0.0 |   860
           D:2 |       0 |      62 |   0.0 |       0 |      16 |   0.0 |   623
           D:3 |       0 |      39 |   0.0 |       0 |      15 |   0.0 |   624
           D:4 |       0 |      80 |   0.0 |       0 |       6 |   0.0 |  1014
           D:5 |       0 |     401 |   0.0 |       0 |      15 |   0.0 |   372
               +---------+---------+-------+---------+---------+-------+---------
